 Dungeon Crawl Stone Soup version 0.26-a0-720-g2a1d101370 (webtiles) character file.

224 Lysie the Chopper (level 5, 45/45 HPs)
             Began as a Minotaur Fighter on Aug 12, 2016.
             Quit the game on level 3 of the Dungeon on Nov 3, 2020.
             The game lasted 00:06:44 (2231 turns).

Lysie the Chopper (Minotaur Fighter)                Turns: 2231, Time: 00:06:44

Health: 45/45      AC:  6    Str: 21    XL:     5   Next: 67%
Magic:  4/4        EV:  7    Int:  5    God:
Gold:   82         SH:  9    Dex: 10    Spells: 4/4 levels left

rFire    . . .     SeeInvis .   a - +0 war axe
rCold    + . .     Faith    .   c - +0 kite shield
rNeg     . . .     Spirit   .   b - +0 scale mail
rPois    .         Reflect  .   (helmet restricted)
rElec    .         Harm     .   (no cloak)
rCorr    .         Rampage  .   (no gloves)
MR       .....                  (no boots)
Stlth    ..........             (no amulet)
HPRegen  0.15/turn              q - ring of protection from cold
MPRegen  0.09/turn              (no ring)

@: no status effects
A: retaliatory headbutt, horns 2
a: no special abilities


You were on level 3 of the Dungeon.
You visited 1 branch of the dungeon, and saw 3 of its levels.

You collected 82 gold pieces.

Inventory:

Hand Weapons
 a - a +0 war axe (weapon)
Armour
 b - a +0 scale mail (worn)
 c - a +0 kite shield (worn)
Jewellery
 q - a ring of protection from cold (left hand)
Scrolls
 e - a scroll of immolation {unknown}
 g - 5 scrolls of identify
 l - a scroll of remove curse {unknown}
 m - a scroll of fog {unknown}
 n - a scroll of enchant weapon {unknown}
 o - a scroll of teleportation {unknown}
 r - a scroll of fear {unknown}
 s - a scroll of enchant armour {unknown}
 t - a scroll of blinking {unknown}
Potions
 d - 2 potions of might
 f - 2 potions of magic
 i - a potion of mutation {unknown}
 j - a potion of experience {unknown}
 p - a potion of haste {unknown}
 u - a potion of curing {unknown}
Comestibles
 h - 3 removed foods


   Skills:
 - Level 3.6 Fighting
 + Level 7.2 Axes
 - Level 3.6 Armour
 - Level 3.6 Shields


You had 4 spell levels left.
You didn't know any spells.
Your spell library was empty.

Dungeon Overview and Level Annotations

Branches:
Dungeon (3/15)

Altars:


Innate Abilities, Weirdness & Mutations

You reflexively headbutt those who attack you in melee.
You have a pair of horns on your head.


Message History

a club x2; a jackal skeleton You see here a hobgoblin skeleton.
f - an inky potion
Found a bread ration.
f - 2 inky potions (gained 1)
As you read the scroll labeled GUECOI UTURCHA, it crumbles to dust.
It is a scroll of identify.
f - 2 potions of magic Saving game... please wait.
Welcome back, Lysie the Minotaur Fighter.
Press ? for a list of commands and other information.
Welcome back, Lysie the Minotaur Fighter.
Press ? for a list of commands and other information.
Welcome back, Lysie the Minotaur Fighter.
Press ? for a list of commands and other information.
Okay, then.
Saving game... please wait.
Welcome back, Lysie the Minotaur Fighter.
Press ? for a list of commands and other information.
Are you sure you want to abandon this character and quit the game? (Confirm with "yes".)

..(..#...........#
.<.### #.........#
.#.# #.........#
.#.# #.........#
.#<## #.........#
##..# #.........#
###.####.........#
..#....#)÷.......#
...###.÷.)......@#
....####.).......#
....# ####......#
....# ######.#
....# #... ....#
#.... ....# %....
...## ...... ..##


There were no monsters in sight!

Vanquished Creatures
  Ijyb (D:2)
  Robin (D:3)
  3 gnolls (D:2)
  5 adders
  3 worms (D:2)
  3 dart slugs (D:2)
  3 leopard geckos (D:2)
  5 giant cockroaches
  21 goblins
  9 hobgoblins
  13 jackals
  7 kobolds
  A quokka (D:2)
  6 bats
  3 frilled lizards (D:1)
  2 rats (D:2)
86 creatures vanquished.

Notes
Turn   | Place    | Note
-------+----------+-------------------------------------------
     0 | D:1      | Lysie the Minotaur Fighter began the quest for the Orb.
     0 | D:1      | Reached XP level 1. HP: 19/19 MP: 0/0
    96 | D:1      | Reached skill level 3 in Axes
   131 | D:1      | Reached XP level 2. HP: 24/26 MP: 1/1
   730 | D:1      | Reached skill level 4 in Axes
   858 | D:2      | Reached XP level 3. HP: 31/31 MP: 2/2
   867 | D:2      | Reached skill level 5 in Axes
   897 | D:2      | Reached XP level 4. HP: 39/39 MP: 3/3
  1096 | D:2      | Reached skill level 6 in Axes
  1376 | D:2      | Reached XP level 5. HP: 41/45 MP: 4/4
  1597 | D:2      | Noticed Ijyb
  1610 | D:2      | Killed Ijyb
  1925 | D:3      | Noticed Robin
  1927 | D:3      | Reached skill level 7 in Axes
  1939 | D:3      | Killed Robin
  2231 | D:3      | Quit the game

Illustrated notes

Levels and vault maps discovered:
D:1:      minmay_arrival_stair_chambers
D:2:      kennysheep_goblin_castle, minmay_misc_feat_columns
D:3:      minmay_goblin_kobold_house, uniq_robin

Skill      XL: |  1  2  3  4  5 |
---------------+----------------+-----
Axes           | 3 4 5 6 7 |  7.2
Fighting       | |  3.6
Armour         | |  3.6
Shields        | |  3.6

Action                   |  1- 3 |  4- 6 || total
-------------------------+-------+-------++-------
Melee: War axe           |    86 |   101 ||   187
       Headbutt          |     6 |    11 ||    17
  Use: Potion            |       |     2 ||     2
       Scroll            |       |     1 ||     1
  Eat: Removed food      |       |     1 ||     1
Armor: Scale mail        |    33 |    42 ||    75
       Skin              |       |    24 ||    24
Dodge: Dodged            |    26 |    29 ||    55
Block: Kite shield       |    43 |    63 ||   106

Table legend: (Time is in decaauts)
 A = Elapsed time spent in this place.
 B = Non-inter-level travel time spent in this place.
 C = Inter-level travel time spent in this place.
 D = Time resting spent in this place.
 E = Time spent auto-exploring this place.
 F = Levels seen in this place.
 G = Mean time per level.
                   A        B        C        D        E       F      G
               +--------+--------+--------+--------+--------+-----+--------+
         Total |    652 |    650 |      2 |      5 |     83 |   3 |  217.3 |
       Dungeon |    652 |    650 |      2 |      5 |     83 |   3 |  217.3 |
               +--------+--------+--------+--------+--------+-----+--------+
